 Dungeon Crawl Stone Soup version 0.28.0-43-g3370ac3207 (webtiles) character file.

Game seed: 819383004289710913

3233 Revguard the Sneak (level 9, -1/68 HPs)
             Began as a Demonspawn Gladiator on Mar 10, 2022.
             Was an Initiate of Dithmenos.
             Killed from afar by a steam dragon (6 damage)
             ... with a ball of steam
             ... on level 8 of the Dungeon.
             The game lasted 00:25:25 (10398 turns).

Revguard the Sneak (Demonspawn Gladiator)          Turns: 10398, Time: 00:25:25

Health: -1/68      AC:  9    Str: 19    XL:     9   Next: 66%
Magic:  9/9        EV: 14    Int: 12    God:    Dithmenos [......]
Gold:   375        SH:  0    Dex: 18    Spells: 8/8 levels left

rFire   . . .      SeeInvis .   n - +3 rapier (freeze)
rCold   + . .      Faith    .   (no shield)
rNeg    . . .      Spirit   .   s - +3 leather armour {rC+}
rPois   .          Reflect  .   c - +0 helmet
rElec   .          Harm     .   (no cloak)
rCorr   .          Rampage  .   (no gloves)
Will    .....                   i - +0 pair of boots
Stlth   +++++.....              (no amulet)
HPRegen 0.21/turn               k - ring of flight
MPRegen 0.11/turn               (no ring)

@: flying
A: thin skeletal structure 1, powered by pain 1, weakness stinger 2, clever 1,
strong 1
a: Renounce Religion


You were on level 8 of the Dungeon.
You worshipped Dithmenos.
Dithmenos was noncommittal.
You visited 2 branches of the dungeon, and saw 9 of its levels.

You collected 375 gold pieces.

Inventory:

Hand Weapons
 d - a +2 dagger of protection
 n - a +3 rapier of freezing (weapon)
Missiles
 u - a curare-tipped dart (quivered)
Armour
 c - a +0 helmet (worn)
 i - a +0 pair of boots (worn)
 j - +0 ice dragon scales
 s - a +3 leather armour of cold resistance (worn)
Jewellery
 k - a ring of flight (left hand)
Wands
 l - a wand of flame (12)
 t - a wand of polymorph (6)
Scrolls
 e - a scroll of identify
 f - a scroll of magic mapping
 g - 2 scrolls of immolation
Potions
 a - a potion of lignification


   Skills:
 + Level 5.3 Fighting
 + Level 5.4 Short Blades
 - Level 1.7 Throwing
 * Level 5.6 Armour
 + Level 5.3 Dodging
 * Level 7.3 Stealth
 + Level 3.4 Evocations


You had 8 spell levels left.
You didn't know any spells.
Your spell library contained the following spells:

 Spells                   Type           Power      Damage    Failure   Level
 Sandblast                Erth           0%         2d4       36%         1
 Blink                    Tloc           0%         N/A       50%         2
 Corpse Rot               Necr/Air       0%         N/A       50%         2
 Passwall                 Tmut/Erth      0%         N/A       50%         2
 Poisonous Vapours        Pois/Air       0%         N/A       50%         2
 Stone Arrow              Conj/Erth      0%         3d7       75%         3
 Manifold Assault         Tloc           0%         N/A       100%        5
 Storm Form               Tmut/Air       0%         N/A       100%        7


Dungeon Overview and Level Annotations

Branches:
Dungeon (8/15)             Temple (1/1) D:7            Lair (0/6) D:8

Altars:
Ashenzari
Cheibriados
Dithmenos
Elyvilon
Hepliaklqana
Kikubaaqudgha
Makhleb
Okawaru
Qazlal
Ru
Sif Muna
Trog
Uskayaw
Vehumet
Xom
Zin

Shops:
D:2 **(*[   D:3 [   D:4 :(*   D:5 (   D:6 [([*


Innate Abilities, Weirdness & Mutations

You have a somewhat thin skeletal structure. (Dex +2, Stealth+)
You sometimes gain a little power by taking damage.
You have a tail ending in a sharp stinger.
Your mind is acute. (Int +2)
Your muscles are strong. (Str +2)


Message History

Aim: an acid dragon (will become a steam dragon, a killer bee, or a tengu, chance to affect: 58%)
The acid dragon evaporates and reforms as a tengu!
You hit the tengu but do no damage. The tengu misses you. The tengu pecks you.
* * * LOW HITPOINT WARNING * * *
The tengu closely misses you.
You puncture the tengu! You freeze the tengu.
You tail-slap the tengu, but do no damage.
The tengu is heavily wounded.
The tengu misses you. The tengu completely misses you.
The tengu closely misses you.
You hit the tengu. You freeze the tengu.
The tengu is almost dead.
The tengu misses you. The tengu pecks you but does no damage.
The tengu claws you but does no damage.
You hit the tengu but do no damage.
You tail-slap the tengu, but do no damage.
The tengu is almost dead.
The tengu misses you. The tengu completely misses you. The tengu claws you.
* * * LOW HITPOINT WARNING * * *
You hit the tengu but do no damage.
The tengu is almost dead.
A steam dragon comes into view.
The tengu hits you.
* * * LOW HITPOINT WARNING * * *
The tengu barely misses you. The tengu closely misses you.
The steam dragon hisses angrily.
You puncture the tengu! You freeze the tengu.
You kill the tengu!
Dithmenos accepts your kill.
You are no longer corroded.
The steam dragon breathes steam at you. The ball of steam hits you!
* * * LOW HITPOINT WARNING * * *
You are engulfed in a cloud of scalding steam.
You now have 375 gold pieces (gained 12).
Okay, then.
Found a potion of curing.
The steam dragon breathes steam at you. The ball of steam hits you.
You die...

*,* #^...##..8.....,, *,*
#..####.....!).,,
*,*########D.# ##.8..._.,,
*,,..........# *....###,,
***######..§.# *##....,,,
#..§## ***#####** #.§.#
*,,,,,* #.§.# *,***,****
#.@.# *,* *,,,,, #...# *,*
****** #...# *,* #...# *,*
#...# *,*
#...#*****,********
*******#....,,,,,,,,,,,,,*
*,,,,,,..!##*****,,*****,*
*,******,,,,>,,,*,,* *,*


There were no monsters in sight!

Vanquished Creatures
  Sigmund (D:5)
  A steam dragon (D:3)
  2 water moccasins
  2 orc warriors
  3 sky beasts
  2 necrophages
  3 ogres
  An ice beast (D:6)
  2 black bears
  A tengu (D:8)
  2 centaurs
  2 phantoms
  2 bullfrogs
  2 scorpions
  A wyvern skeleton (D:7)
  4 wights
  5 hounds
  An orc priest (D:6)
  4 iguanas
  Ijyb (D:5)
  Natasha (thrice) (D:2)
  5 orc wizards
  Robin (D:2)
  6 adders
  5 gnolls
  A shadow imp (D:5)
  A white imp (D:6)
  3 worms
  3 dart slugs
  22 orcs
  5 ball pythons
  8 endoplasms
  3 giant cockroaches
  11 goblins
  7 hobgoblins
  3 jackals (D:3)
  5 quokkas
  3 frilled lizards
  11 kobolds
  4 rats
152 creatures vanquished.

Notes
Turn   | Place    | Note
-------+----------+-------------------------------------------
     0 | D:1      | Revguard the Demonspawn Gladiator began the quest for the
                  | Orb.
     0 | D:1      | Reached XP level 1. HP: 16/16 MP: 1/1
   336 | D:1      | Reached skill level 1 in Stealth
   336 | D:1      | Gained mutation: You have a somewhat thin skeletal
                  | structure. (Dex +2, Stealth+) [demonic ancestry]
   336 | D:1      | Reached XP level 2. HP: 19/22 MP: 2/2
   565 | D:1      | Found a faded altar of an unknown god.
   626 | D:1      | Reached XP level 3. HP: 26/27 MP: 3/3
  1202 | D:2      | Noticed Natasha
  1207 | D:2      | Killed Natasha
  1208 | D:2      | Reached skill level 1 in Armour
  1345 | D:2      | Found Asatoky's Antique Armour Shop.
  1372 | D:2      | Found Wiclih's Assorted Antiques.
  1649 | D:2      | Reached skill level 2 in Stealth
  1669 | D:2      | Gained mutation: You sometimes gain a little power by
                  | taking damage. [demonic ancestry]
  1669 | D:2      | Reached XP level 4. HP: 31/34 MP: 4/4
  1929 | D:2      | Noticed Natasha
  1939 | D:2      | Killed Natasha
  2194 | D:2      | Noticed Robin
  2220 | D:2      | Gained mutation: Your mind is acute. (Int +2) [potion of
                  | mutation]
  2220 | D:2      | Gained mutation: Your muscles are strong. (Str +2) [potion
                  | of mutation]
  2559 | D:2      | Found Pusoir's Weapon Shop.
  2600 | D:2      | Found Jucsed's Assorted Antiques.
  2794 | D:2      | Found Ocixtouh's General Store.
  2852 | D:2      | Killed Robin
  2853 | D:2      | Reached XP level 5. HP: 23/39 MP: 5/5
  2999 | D:2      | Noticed Natasha
  3009 | D:2      | Killed Natasha
  3186 | D:3      | Reached skill level 3 in Stealth
  3195 | D:3      | HP: 2/40 [poisoned by an orc wizard]
  3588 | D:3      | Noticed a sky beast
  3596 | D:3      | Killed a sky beast
  3597 | D:3      | Reached XP level 6. HP: 47/47 MP: 6/6
  3775 | D:3      | Noticed a steam dragon
  3789 | D:3      | Killed a steam dragon
  3790 | D:3      | Reached skill level 4 in Stealth
  4153 | D:3      | Reached XP level 7. HP: 7/52 MP: 7/7
  4522 | D:3      | Found Makotic's Antique Armour Emporium.
  5416 | D:4      | Found Orifray's General Store.
  5905 | D:4      | Reached skill level 5 in Stealth
  6143 | D:4      | Found Vivonir's Book Boutique.
  6146 | D:4      | Found Acoliop's Antique Weapon Shop.
  6178 | D:4      | You are sucked into a shaft and drop 3 floors!
  6193 | D:6      | Found Jiehosat's Assorted Antiques.
  6229 | D:6      | Gained mutation: You have a small tail. [demonic ancestry]
  6229 | D:6      | Reached XP level 8. HP: 27/60 MP: 8/8
  6511 | D:6      | Reached skill level 1 in Evocations
  7012 | D:6      | Found Xigoyf's Weapon Shop.
  7019 | D:5      | Entered Level 5 of the Dungeon
  7822 | D:5      | Found Uthroext's Weapon Shop.
  7999 | D:5      | Reached skill level 6 in Stealth
  8343 | D:5      | Found a hazy altar of Hepliaklqana.
  8344 | D:5      | Found a faded altar of an unknown god.
  8344 | D:5      | Noticed Sigmund
  8344 | D:5      | Noticed Ijyb
  8353 | D:5      | Killed Sigmund
  8354 | D:5      | Gained mutation: You have a tail ending in a sharp stinger.
                  | [demonic ancestry]
  8354 | D:5      | Reached XP level 9. HP: 66/67 MP: 9/9
  8372 | D:5      | Killed Ijyb
  8781 | D:6      | Reached skill level 5 in Short Blades
  8955 | D:6      | Found Paabbic's Armour Boutique.
  8976 | D:5      | Reached skill level 5 in Fighting
  8976 | D:5      | Reached skill level 5 in Armour
  8976 | D:5      | Reached skill level 5 in Dodging
  9580 | D:6      | Reached skill level 7 in Stealth
  9638 | D:6      | Found Aterall's Armour Boutique.
 10046 | D:7      | Found a staircase to the Ecumenical Temple.
 10055 | Temple   | Entered the Ecumenical Temple
 10114 | Temple   | Became a worshipper of Dithmenos the Shadowed
 10231 | D:7      | Found an iron altar of Okawaru.
 10374 | D:8      | Found a hide-covered altar of Uskayaw.
 10398 | D:8      | Killed from afar by a steam dragon

Illustrated notes

Levels and vault maps discovered:
D:1:      lightli_arrival_farm, layout_rooms, serial_co_window_serial,
          co_window_of_opportunity_a, co_window_corner_a, co_window_paths_b,
          co_window_paths_a, co_window_cross_1, co_window_paths_b,
          co_window_of_opportunity_b, co_window_paths_c, co_window_corner_b,
          co_window_corner_b, co_window_2corner, co_window_of_opportunity_c,
          co_window_paths_d, glass_columns_a, glass_columns_a, glass_columns_a,
          glass_columns_c, glass_columns_b, hellmonk_ecumenical_altar_blasted
D:2:      layout_basic, serial_shops, nicolae_shop_crystal, nicolae_square_shop,
          shop, nicolae_shop_stone, shop_statue, uniq_robin, uniq_natasha
D:3:      minmay_general_purpose_star, layout_loops_ring, serial_shops,
          nicolae_shop_trees, minmay_crystal_room
D:4:      nicolae_cairo_tiling, layout_basic, serial_shops, shop,
          nicolae_shop_waterfront, shop
D:5:      layout_loops_ring, beargit_hepliaklqana_dungeon_heroes, serial_shops,
          nicolae_shop_bloodbath_and_beyond, corexii_checkpoint_a,
          amcnicky_mini_pool_small, nrook_uturn, uniq_ijyb
D:6:      layout_rooms, serial_shops, shop, kennysheep_mini_moat,
          nicolae_take_the_stairs, nicolae_stop_n_shop_2,
          minmay_misc_feat_enclosed
D:7:      layout_cave_pools, okawaru_metal_pillars_1_2,
          minmay_temple_entry_statues_fountains
D:8:      layout_loops_ring, eat_drink_and_be_merry_uskayaw, lair_entry_dummy,
          nicolae_ossuary_entry_ruins
Temple:   cyrus_circular_temple

Skill      XL: |  1  2  3  4  5  6  7  8  9 |
---------------+----------------------------+-----
Stealth        | 1 2 3 4 5 6 7 |  7.3
Short Blades   | 3 4 5 |  5.4
Armour         | 1 2 3 4 5 |  5.6
Dodging        | 3 4 5 |  5.3
Fighting       | 3 4 5 |  5.3
Evocations     | 2 3 |  3.4
Throwing       | |  1.7

Action                   |  1- 3 |  4- 6 |  7- 9 || total
-------------------------+-------+-------+-------++-------
Melee: Rapier            |    70 |   218 |   224 ||   512
       Punch             |       |     2 |     8 ||    10
       Dagger            |       |       |   293 ||   293
       Tailslap          |       |       |    33 ||    33
Throw: Throwing net      |       |     9 |       ||     9
       Dart              |       |       |    10 ||    10
Evoke: Wand              |       |       |     2 ||     2
  Use: Scroll            |     2 |     2 |     7 ||    11
       Potion            |       |     1 |     7 ||     8
 Stab: Sleeping          |     6 |     4 |    16 ||    26
       Held in net/web   |       |     5 |       ||     5
Armor: Leather armour    |    13 |    18 |    33 ||    64
       Ice dragon scales |       |    51 |   184 ||   235
       Skin              |       |       |    90 ||    90
Dodge: Dodged            |    43 |    87 |   249 ||   379
